 Dungeon Crawl Stone Soup version 0.25.1-2-g60ff931df9 (webtiles) character file.

Game seed: 10317508530820720594

3572 Revguard the Carver (level 10, -2/74 HPs)
             Began as a Human Fighter on Aug 8, 2020.
             Was an Initiate of the Shining One.
             Slain by a two-headed ogre
             ... wielding a +0 giant spiked club
              (25 damage)
             ... on level 8 of the Dungeon.
             The game lasted 00:21:52 (7718 turns).

Revguard the Carver (Human Fighter)                 Turns: 7718, Time: 00:21:52

Health: -2/74      AC: 15    Str: 28    XL:     10   Next: 31%
Magic:  14/14      EV:  8    Int:  8    God:    the Shining One [......]
Gold:   417        SH: 11    Dex: 15    Spells: 9/9 levels left

rFire    + . .     SeeInvis .   a - +1 long sword
rCold    . . .     Gourm    .   c - +0 kite shield
rNeg     . . .     Faith    .   y - +0 plate armour
rPois    .         Spirit   .   p - +0 helmet
rElec    .         Reflect  .   (no cloak)
rCorr    .         Harm     .   C - +0 pair of gloves
MR       +....                  (no boots)
Stlth    ..........             l - amulet of the acrobat
HPRegen  0.22/turn              m - ring of protection from fire
MPRegen  0.14/turn              u - +6 ring of strength

@: glowing
A: thin skeletal structure 1, magic resistance 1, strong 1
a: Renounce Religion


You were on level 8 of the Dungeon.
You worshipped the Shining One.
The Shining One was noncommittal.
You were hungry.

You visited 2 branches of the dungeon, and saw 9 of its levels.

You collected 417 gold pieces.

Inventory:

Hand Weapons
 a - a +1 long sword (weapon)
Armour
 c - a +0 kite shield (worn)
 p - a +0 helmet (worn)
 y - a +0 plate armour (worn)
 C - a +0 pair of gloves (worn)
Jewellery
 b - an uncursed ring of flight {unknown}
 l - an amulet of the acrobat (around neck)
 m - a ring of protection from fire (left hand)
 u - a +6 ring of strength (right hand)
 z - an uncursed ring of stealth
Wands
 d - a wand of polymorph (1)
 v - a wand of acid (2)
 x - a wand of flame (40)
Scrolls
 e - a scroll of enchant weapon
 i - 5 scrolls of teleportation
 j - 5 scrolls of remove curse
 k - 5 scrolls of amnesia
 n - a scroll of fog {unknown}
 o - 2 scrolls of enchant armour {unknown}
 s - a scroll of immolation {unknown}
 t - 3 scrolls of identify
 w - 2 scrolls of magic mapping {unknown}
 B - a scroll of noise {unknown}
Potions
 g - a potion of magic
 h - a potion of resistance
 q - 2 potions of ambrosia
 r - 2 potions of stabbing
 A - a potion of haste
Comestibles
 f - 11 rations


   Skills:
 + Level 5.4 Fighting
 + Level 8.0 Long Blades
 + Level 6.2 Armour
 + Level 4.8 Dodging
 + Level 6.5 Shields
 * Level 5.3 Evocations


You had 9 spell levels left.
You didn't know any spells.
Your spell library was empty.

Dungeon Overview and Level Annotations

Branches:
Dungeon (8/15)             Temple (1/1) D:7
   Lair: D:8-11

Altars:
Dithmenos
Fedhas
Gozag
Hepliaklqana
Nemelex Xobeh
Qazlal
Ru
Uskayaw
Vehumet
Wu Jian
Xom
Yredelemnul
Zin
The Shining One


Innate Abilities, Weirdness & Mutations

You have a somewhat thin skeletal structure. (Dex +2, Stealth)
You are resistant to hostile enchantments. (MR+)
Your muscles are strong. (Str +2)


Message History

Found 15 bolts.
You slash the two-headed ogre!
The two-headed ogre is moderately wounded.
The two-headed ogre hits you but does no damage.
The two-headed ogre hits you with a +0 giant spiked club!!
You slash the two-headed ogre!
The two-headed ogre is moderately wounded.
You hit the two-headed ogre.
The two-headed ogre is moderately wounded.
You block the two-headed ogre's attack. The two-headed ogre closely misses you.
You block the iguana's attack.
You hit the two-headed ogre.
The two-headed ogre is heavily wounded.
The two-headed ogre hits you with a +0 giant spiked club.
The two-headed ogre hits you with a +0 giant spiked club!
You block the iguana's attack.
You slash the two-headed ogre!
The two-headed ogre is severely wounded.
The two-headed ogre hits you with a +0 giant spiked club!!
You die...

#####
#....#.#.##.#
#.#.##......###
#.#....#.#....#
.....#...#.##.#
##(##.#.....##.#
#.##.....#.#
#.......##.#
###.#######.###.#
..!...O@l.......#
#....######.#####
#.. #.# ( #..
##.. ... ....
.....


You could see a two-headed ogre and an iguana.

Vanquished Creatures
  A tengu warrior (D:8)
  Pikel (D:6)
  A hippogriff (D:7)
  A hungry ghost (D:7)
  2 ice beasts
  A sky beast (D:5)
  A phantom (D:5)
  5 ogres
  2 centaurs
  3 bullfrogs
  3 scorpions
  2 crimson imps
  4 hounds
  A centaur skeleton (D:4)
  2 jellies
  An orc wizard (D:3)
  A bullfrog skeleton (D:4)
  An orc priest (D:4)
  2 iguanas
  Natasha (thrice) (D:3)
  6 worker ants
  A worker ant zombie (D:7)
  Robin (D:3)
  10 gnolls
  8 adders
  2 oozes
  An adder skeleton (D:7)
  A worm (D:3)
  2 dart slugs
  4 leopard geckos
  13 orcs
  6 giant cockroaches
  14 goblins
  8 hobgoblins
  18 jackals
  10 kobolds
  2 quokkas (D:7)
  5 bats
  5 frilled lizards
  A quokka skeleton (D:5)
  8 rats
164 creatures vanquished.

Vanquished Creatures (others)
  A hound (D:6)
1 creature vanquished.

Grand Total: 165 creatures vanquished

Notes
Turn   | Place    | Note
-------+----------+-------------------------------------------
     0 | D:1      | Revguard the Human Fighter began the quest for the Orb.
     0 | D:1      | Reached XP level 1. HP: 18/18 MP: 1/1
   485 | D:1      | Reached XP level 2. HP: 24/24 MP: 2/2
   606 | D:1      | Reached XP level 3. HP: 23/29 MP: 3/3
   930 | D:2      | Reached skill level 1 in Dodging
  1010 | D:2      | Reached XP level 4. HP: 22/35 MP: 4/4
  1201 | D:2      | Found a sacrificial altar of Ru.
  1201 | D:2      | Found a hide-covered altar of Uskayaw.
  1342 | D:2      | Reached skill level 3 in Long Blades
  1342 | D:2      | Reached XP level 5. HP: 8/41 MP: 5/5
  1632 | D:2      | Noticed an ogre
  1634 | D:2      | Found a shadowy altar of Dithmenos.
  1644 | D:2      | Killed an ogre
  1644 | D:2      | Reached XP level 6. HP: 35/47 MP: 6/6
  2197 | D:2      | Found a sparkling altar of Nemelex Xobeh.
  2198 | D:2      | Found a stormy altar of Qazlal.
  2521 | D:3      | Noticed Robin
  2533 | D:3      | Killed Robin
  2676 | D:3      | Noticed Natasha
  2693 | D:3      | Killed Natasha
  2724 | D:3      | Reached skill level 4 in Long Blades
  2986 | D:3      | Noticed Natasha
  2992 | D:3      | Killed Natasha
  2992 | D:3      | Reached XP level 7. HP: 53/53 MP: 7/7
  3222 | D:3      | Noticed Natasha
  3230 | D:3      | Killed Natasha
  3765 | D:4      | Reached skill level 1 in Evocations
  4207 | D:4      | Got a translucent wooden ring
  4263 | D:4      | Reached skill level 5 in Long Blades
  4263 | D:4      | Reached XP level 8. HP: 59/60 MP: 9/9
  4525 | D:4      | Identified the cursed ring of Nieba {rElec rN+ MR+ Str-4
                  | Slay-3} (You found it on level 4 of the Dungeon)
  4550 | D:4      | Gained mutation: You have a somewhat thin skeletal
                  | structure. (Dex +2, Stealth) [potion of mutation]
  4550 | D:4      | Gained mutation: You are resistant to hostile enchantments.
                  | (MR+) [potion of mutation]
  4550 | D:4      | Gained mutation: Your muscles are strong. (Str +2) [potion
                  | of mutation]
  4564 | D:5      | Entered Level 5 of the Dungeon
  5676 | D:6      | Reached skill level 5 in Shields
  5782 | D:6      | Reached skill level 6 in Long Blades
  5782 | D:6      | Reached skill level 5 in Armour
  5960 | D:6      | Reached XP level 9. HP: 66/66 MP: 11/11
  5979 | D:6      | Noticed Pikel
  6006 | D:6      | Killed Pikel
  6224 | D:6      | Found a shimmering altar of Xom.
  6821 | D:7      | Reached skill level 5 in Fighting
  6821 | D:7      | Reached skill level 7 in Long Blades
  6922 | D:7      | Noticed a hippogriff
  6942 | D:7      | Killed a hippogriff
  7099 | D:7      | Found a stormy altar of Qazlal.
  7120 | D:7      | Found a staircase to the Ecumenical Temple.
  7140 | Temple   | Entered the Ecumenical Temple
  7173 | Temple   | Became a worshipper of the Shining One
  7330 | D:8      | Reached XP level 10. HP: 67/74 MP: 13/13
  7388 | D:8      | Noticed a tengu warrior
  7419 | D:8      | Killed a tengu warrior
  7419 | D:8      | Reached skill level 8 in Long Blades
  7419 | D:8      | Reached skill level 5 in Evocations
  7710 | D:8      | Noticed a two-headed ogre
  7718 | D:8      | Slain by a two-headed ogre

Illustrated notes

Levels and vault maps discovered:
D:1:      ncdulo_smallfort, layout_basic
D:2:      layout_loops_ring, nicolae_overflow_hidden_temple,
          gammafunk_temple_overflow_statue, first_ration
D:3:      layout_loops_ring, serial_park_tiny_pond, uniq_natasha, uniq_robin
D:4:      layout_basic
D:5:      layout_basic
D:6:      layout_loops_ring, lemuel_round_altar, uniq_pikel
D:7:      layout_rooms, minmay_temple_entry_grid, basic_altar,
          nicolae_benzene_ring
D:8:      layout_basic
Temple:   eino_temple_scatter_basement

Skill      XL: |  1  2  3  4  5  6  7  8  9 10 |
---------------+-------------------------------+-----
Dodging        | 1 2 3 4 |  4.8
Long Blades    | 3 4 5 6 7 8 |  8.0
Armour         | 4 5 6 |  6.2
Shields        | 4 5 6 |  6.5
Evocations     | 1 3 4 5 |  5.3
Fighting       | 4 5 |  5.4

Action                   |  1- 3 |  4- 6 |  7- 9 | 10-12 || total
-------------------------+-------+-------+-------+-------++-------
Melee: Long sword        |    81 |   210 |   361 |    43 ||   695
       Unarmed           |       |     3 |     2 |       ||     5
Evoke: Wand              |       |       |       |     2 ||     2
  Use: Scroll            |     5 |     1 |     5 |       ||    11
       Potion            |       |     3 |     6 |       ||     9
 Stab: Invisible         |       |     1 |       |       ||     1
  Eat: Chunk             |       |     7 |    13 |     1 ||    21
       Ration            |       |       |     1 |       ||     1
Armor: Scale mail        |    57 |    78 |    67 |       ||   202
       Skin              |       |     1 |       |       ||     1
       Plate armour      |       |       |    75 |    24 ||    99
Dodge: Dodged            |    31 |   104 |   137 |    16 ||   288
Block: Kite shield       |    41 |   136 |   203 |    33 ||   413
       Rpst.: Long sword |    12 |    30 |    38 |     2 ||    82
